 Dungeon Crawl Stone Soup version 0.21-a0-286-g6fcecc0 (webtiles) character file.

247 tidbits the Grave Robber (level 5, -8/38 HPs)
             Began as a Draconian Necromancer on Sept 25, 2017.
             Was a Follower of Makhleb.
             Mangled by an ogre
             ... wielding a +0 giant club
              (19 damage)
             ... on level 4 of the Dungeon.
             The game lasted 00:10:57 (1581 turns).

tidbits the Grave Robber (Draconian Necromancer)    Turns: 1581, Time: 00:10:58

Health: -8/38      AC:  5    Str: 10    XL:     5   Next: 85%
Magic:  3/10       EV: 12    Int: 16    God:    Makhleb [*.....]
Gold:   91         SH:  0    Dex: 12    Spells: 3/11 levels left

rFire    . . .     SeeInvis .   l - +0 long sword
rCold    . . .     Gourm    .   (no shield)
rNeg     . . .     Faith    .   (armour unavailable)
rPois    .         Spirit   .   (helmet restricted)
rElec    .         Reflect  .   (no cloak)
rCorr    .         Harm     .   (no gloves)
MR       .....                  (no boots)
Stlth    ++........             (no amulet)
HPRegen  0.12/turn              (no ring)
MPRegen  0.12/turn              (no ring)

@: no status effects
A: unfitting armour, cold-blooded, AC +5
a: Renounce Religion


You were on level 4 of the Dungeon.
You worshipped Makhleb.
Makhleb was aware of your devotion.
You were not hungry.

You visited 1 branch of the dungeon, and saw 4 of its levels.
You also visited: Sewer.

You collected 91 gold pieces.

Inventory:

Hand Weapons
 d - a +0 dagger
 l - a +0 long sword (weapon)
 s - a +0 blowgun
Missiles
 e - 19 arrows
 g - 22 sling bullets
Wands
 m - a wand of clouds (0/9)
Scrolls
 f - a scroll of noise {unknown}
 i - a scroll of teleportation
 j - a scroll of random uselessness {unknown}
 q - 3 scrolls of enchant armour {unknown}
 r - a scroll of remove curse
 u - a scroll of recharging {unknown}
 v - a scroll of amnesia {unknown}
 x - a scroll of blinking {unknown}
 y - 3 scrolls of fog {unknown}
Potions
 c - 7 potions of curing
 h - 2 potions of might
 k - 2 potions of heal wounds {unknown}
 n - a potion of cancellation
 p - a potion of brilliance {unknown}
 t - a potion of agility {unknown}
Books
 a - a book of Necromancy

   Spells                             Type                      Level
   a - Pain                           Necromancy                   1
   b - Animate Skeleton               Necromancy                   1
   c - Vampiric Draining              Necromancy                   3
   d - Regeneration                   Charms/Necromancy            3
   e - Animate Dead                   Necromancy                   4
   f - Control Undead                 Necromancy                   4
Comestibles
 b - a bread ration
 o - 2 chunks of flesh
 w - a royal jelly


   Skills:
 - Level 1.7 Dodging
 - Level 1.7 Stealth
 + Level 3.7 Spellcasting
 * Level 6.2 Necromancy


You had 3 spell levels left.
You knew the following spells:

 Your Spells              Type           Power        Failure   Level  Hunger
a - Pain                  Necr           ###.         1%          1    None
n - Animate Skeleton      Necr           N/A          1%          1    None
r - Regeneration          Chrm/Necr      ##........   14%         3    ###....
v - Vampiric Draining     Necr           ###.......   4%          3    ###....


Dungeon Overview and Level Annotations

Branches:
Dungeon (4/15)
 Temple: D:4-7

Altars:
Dithmenos
Makhleb
Xom

Annotations:
D:1 vault, need dig


Innate Abilities, Weirdness & Mutations

Your plain brown scales are hard. (AC +5)
You cannot fit into any form of body armour.
You are cold-blooded and may be slowed by cold attacks.


Message History

Makhleb accepts your kill.
Things that are here:
a flail; an orc corpse
Casting: Pain
Confirm with . or Enter, or press ? or * to list all spells.
You attempt to give life to the dead...
Before your eyes, flesh is ripped from the corpse!
The dead are walking!
You see here 2 chunks of flesh.
Casting: Animate Skeleton
Confirm with . or Enter, or press ? or * to list all spells.
Aiming: Pain
Press: ? - help, Shift-Dir - straight line, f - orc
Aim: an orc, wielding a hand axe (chance to defeat MR: 91%)
The orc writhes in agony!
You kill the orc!
Makhleb accepts your kill.
You feel better.
o - 2 chunks of flesh
Things that are here:
a dagger; a chain mail; an orc corpse You see here a hand axe.
Casting: Pain
Confirm with . or Enter, or press ? or * to list all spells.
Aiming: Pain
Press: ? - help, Shift-Dir - straight line, f - orc
Aim: an orc, wearing a leather armour (chance to defeat MR: 91%)
The orc writhes in agony!
You kill the orc!
Makhleb accepts your kill.
You feel better.
An ogre comes into view. It is wielding a giant club.
You swap places.
You see here a hand axe.
Things that are here:
a dagger; a chain mail; an orc corpse You swap places.
Things that are here:
a dagger; a chain mail; an orc corpse You see here a hand axe.
Casting: Pain
Confirm with . or Enter, or press ? or * to list all spells.
Aiming: Pain
Press: ? - help, Shift-Dir - straight line, f - ogre
Aim: an ogre, wielding a giant club (hasn't noticed you, chance to defeat MR: 83%)
The ogre writhes in agony!
Casting: Pain
Confirm with . or Enter, or press ? or * to list all spells.
Aiming: Pain
Press: ? - help, Shift-Dir - straight line, f/p - ogre
Aim: an ogre, wielding a giant club (moderately wounded, chance to defeat MR: 83%)
The ogre writhes in agony!
You swap places.
What are your orders? t - Shout!
Orders for allies: a - Attack new target. p - Attack previous target. r - Retreat! s - Stop attacking. g - Guard the area. f - Follow me.
Anything else - Cancel.
Gang up on whom?
Press: ? - help, Dir - move target cursor, f/p - ogre
Aim: an ogre, wielding a giant club (moderately wounded) Attack!
Your orc skeleton completely misses the ogre.
The ogre hits your orc skeleton with a giant club.
Your orc skeleton hits the ogre with a flail.
You see here a hand axe.
The ogre hits your orc skeleton with a giant club!!
Your orc skeleton is destroyed!
Things that are here:
a dagger; a chain mail; an orc corpse
Casting: Pain
Confirm with . or Enter, or press ? or * to list all spells.
Aiming: Pain
Press: ? - help, Shift-Dir - straight line, f/p - ogre
Aim: an ogre, wielding a giant club (heavily wounded, chance to defeat MR: 83%)
The ogre writhes in agony!
The orc priest mumbles some strange prayers to Beogh against you.
Beogh smites you!
* * * LOW HITPOINT WARNING * * *
The ogre misses you.
Unknown command.
Okay, then.
Evoke which item? (* to show all) (? for menu, Esc to quit)
Aiming: Cloud Cone
Press: ? - help, Dir - move target cursor, f/p - ogre
Aim: an ogre, wielding a giant club (severely wounded)
You create a blast of noxious fumes!
This wand has 0 charges left.
The orc priest is engulfed in noxious fumes.
The orc priest appears confused.
Casting: Pain
Confirm with . or Enter, or press ? or * to list all spells.
Aiming: Pain
Press: ? - help, Shift-Dir - straight line, f/p - ogre
Aim: an ogre, wielding a giant club (noxious fumes, severely wounded, chance to defeat MR: 83%)
The ogre writhes in agony!
The orc priest is engulfed in noxious fumes.
The ogre is engulfed in noxious fumes.
The ogre hits you with a giant club!!
Ouch! That really hurt!
You die...

##.#...#.##.#
####'#####.#
######### #...#
#.# # #........
##_## #.#
#.#........ ###
#.# .#........
#.# ......... #.#
#....[...
##.######).......
#..@O§o§.........
###
#....§§###.......
..# #......#
####### #.#
#......# #.#
#^.....#
≈.#########
##'#####
≈.#.......# #.#
....).....#.. #.#
≈.÷.......##. #.#


You could see an ogre and an orc priest (confused).

Vanquished Creatures
  A scorpion (D:2)
  An iguana (D:4)
  Natasha (D:3)
  2 adders (D:4)
  4 gnolls
  2 river rats (D:4)
  An ooze (D:1)
  A worm (D:4)
  2 dart slugs
  7 orcs (D:4)
  4 giant cockroaches
  2 goblins (D:1)
  3 hobgoblins
  17 kobolds
  4 ball pythons
  3 bats (D:1)
  4 frilled lizards
  4 rats
63 creatures vanquished.

Vanquished Creatures (collateral kills)
  A bat (D:1)
1 creature vanquished.

Grand Total: 64 creatures vanquished

Notes
Turn   | Place    | Note
-------+----------+-------------------------------------------
     0 | D:1      | tidbits the Draconian Necromancer began the quest for the Orb.
     0 | D:1      | Reached XP level 1. HP: 14/14 MP: 3/3
    10 | D:1      | Learned a level 1 spell: Animate Skeleton
   293 | D:1      | Reached XP level 2. HP: 18/20 MP: 3/5
   505 | D:1      | Reached XP level 3. HP: 19/26 MP: 0/6
   607 | D:2      | Learned a level 3 spell: Vampiric Draining
   654 | D:4      | Reached skill level 5 in Necromancy
   698 | D:4      | Reached XP level 4. HP: 14/33 MP: 0/8
   716 | D:4      | Learned a level 3 spell: Regeneration
   792 | D:4      | Found a shadowy altar of Dithmenos.
   795 | D:4      | Found a burning altar of Makhleb.
   798 | D:4      | Found a shimmering altar of Xom.
   802 | D:4      | Became a worshipper of Makhleb the Destroyer
   859 | D:4      | Found a glowing drain.
   889 | D:4      | Reached skill level 3 in Spellcasting
   948 | Sewer    | Entered a sewer
  1123 | Sewer    | Reached XP level 5. HP: 29/38 MP: 5/9
  1126 | Sewer    | Reached * piety under Makhleb
  1285 | D:3      | Noticed Natasha
  1292 | D:3      | Killed Natasha
  1359 | D:2      | Reached skill level 6 in Necromancy
  1560 | D:4      | Noticed an ogre
  1581 | D:4      | Mangled by an ogre

Vault maps used:
D:1:      minmay_arrival_up_and_down, due_unseen_surprise
D:2:      serial_co_window_serial, co_window_corner_a,
          co_window_of_opportunity_a, co_window_paths_b, co_window_paths_a,
          co_window_corner_a, co_window_broadway_c, co_window_unsneaky_path_c,
          co_window_corner_b, co_window_of_opportunity_b
D:3:      uniq_natasha
D:4:      grunt_temple_overflow_diamond, first_bread,
          cheibrodos_sewer_entry_sluice, uniq_pikel
Sewer:    kennysheep_pipe_town

Skill      XL: |  1  2  3  4  5 |
---------------+----------------+-----
Necromancy     | 5 6 |  6.2
Spellcasting   | 3 |  3.7
Dodging        | |  1.7
Stealth        | |  1.7

Action                   |  1- 3 |  4- 6 || total
-------------------------+-------+-------++-------
Melee: Unarmed           |     3 |       ||     3
       Long sword        |       |    23 ||    23
       Tailslap          |       |     1 ||     1
 Cast: Pain              |    45 |    70 ||   115
       Animate Skeleton  |     3 |     4 ||     7
       Regeneration      |       |     1 ||     1
       Vampiric Draining |       |     2 ||     2
Evoke: Wand              |       |     3 ||     3
  Use: Scroll            |       |     6 ||     6
 Stab: Sleeping          |       |     2 ||     2
  Eat: Chunk             |     1 |     3 ||     4
Armor: Skin              |     3 |    10 ||    13
Dodge: Dodged            |     7 |    31 ||    38
       Rpst.: Long sword |       |    10 ||    10

Table legend:
 A = Spawn XP
 B = Non-spawn XP
 C = Spawn XP percentage of total XP
 D = Spawn monster count
 E = Non-spawn monster count
 F = Spawn count percentage of total count
 G = Total turns spent on level
                    A         B        C        D         E        F      G
               +---------+---------+-------+---------+---------+-------+---------
         Total |       0 |     353 |   0.0 |       0 |      64 |   0.0 |  1581
               +---------+---------+-------+---------+---------+-------+---------
           D:1 |       0 |      45 |   0.0 |       0 |      16 |   0.0 |   588
           D:2 |       0 |      76 |   0.0 |       0 |       3 |   0.0 |   142
           D:3 |       0 |      35 |   0.0 |       0 |       3 |   0.0 |   205
           D:4 |       0 |     165 |   0.0 |       0 |      18 |   0.0 |   386
         Sewer |       0 |      32 |   0.0 |       0 |      24 |   0.0 |   260
               +---------+---------+-------+---------+---------+-------+---------

Table legend:
 A = Turns spent in this place as a percentage of turns spent in the entire game.
 B = Non-inter-level travel turns spent in this place as a percentage of non-inter-level travel turns spent in the entire game.
 C = Inter-level travel turns spent in this place as a percentage of turns spent in this place.
 D = Turns resting spent in this place as a percentage of non-inter-level travel turns spent in this place.
 E = Turns spent auto-exploring this place as a percentage of non-inter-level travel turns spent in this place.
 F = Non-inter-level travel turns spent in this place divided by the number of levels of this place that you've seen.
                   A       B       C       D       E      F
               +-------+-------+-------+-------+-------+----------------------
         Total | 100.0 | 100.0 |   1.1 |   0.0 |   0.0 | 312.8
       Dungeon |  83.6 |  83.4 |   1.3 |   0.0 |   0.0 | 326.0
         Sewer |  16.4 |  16.6 |   0.0 |   0.0 |   0.0 | 260.0
               +-------+-------+-------+-------+-------+----------------------

Table legend:
 A = Kills in this place as a percentage of kills in entire the game.
 B = Kills by you in this place as a percentage of kills by you in the entire game.
 C = Kills by friends in this place as a percentage of kills by friends in the entire game.
 D = Other kills in this place as a percentage of other kills in the entire game.
 E = Experience gained in this place as a percentage of experience gained in the entire game.
 F = Experience gained in this place divided by the number of levels of this place that you have seen.
                   A       B       C       D       E      F
               +-------+-------+-------+-------+-------+----------------------
         Total | 100.0 | 100.0 | 100.0 |   N/A | 100.0 |  70.6
       Dungeon |  62.5 |  61.9 | 100.0 |   N/A |  90.9 |  80.2
         Sewer |  37.5 |  38.1 |   0.0 |   N/A |   9.1 |  32.0
               +-------+-------+-------+-------+-------+----------------------

Vault maps used:
D:1:      minmay_arrival_up_and_down, due_unseen_surprise
D:2:      serial_co_window_serial, co_window_corner_a,
          co_window_of_opportunity_a, co_window_paths_b, co_window_paths_a,
          co_window_corner_a, co_window_broadway_c, co_window_unsneaky_path_c,
          co_window_corner_b, co_window_of_opportunity_b
D:3:      uniq_natasha
D:4:      grunt_temple_overflow_diamond, first_bread,
          cheibrodos_sewer_entry_sluice, uniq_pikel
Sewer:    kennysheep_pipe_town
